 Dungeon Crawl Stone Soup version 0.29.1-1-gd02db6906a (webtiles) character file.

Game seed: 9447610252722372849

2020 MisterFreud the Covert (level 9, 0/69 HPs)
             Began as a Gnoll Brigand on Oct 2, 2022.
             Was an Initiate of Hepliaklqana.
             Slain by a gnoll sergeant
             ... wielding a +0 spear of venom
              (10 damage)
             ... on level 7 of the Dungeon.
             The game lasted 00:10:03 (9142 turns).

MisterFreud the Covert (Gnoll Brigand)              Turns: 9142, Time: 00:10:03

Health: 0/69       AC:  4    Str: 11    XL:     9   Next: 23%
Magic:  0/15       EV: 14    Int: 14    God:    Hepliaklqana [......]
Gold:   296        SH:  0    Dex: 14    Spells: 16/16 levels left

rFire   . . .      SeeInvis .   E - +2 short sword (drain)
rCold   . . .      Faith    .   n - orb {light}
rNeg    . . .      Spirit   +   b - +0 robe
rPois   +          Reflect  .   (no helmet)
rElec   .          Harm     .   c - +1 cloak
rCorr   +          Rampage  .   (no gloves)
Will    .....                   (no boots)
Stlth   ++........              C - amulet of guardian spirit
HPRegen 0.21/turn               s - ring of resist corrosion
MPRegen 0.14/turn               u - ring of poison resistance

@: glowing
A: fangs 1, strong nose, distributed training
a: Renounce Religion


You were on level 7 of the Dungeon.
You worshipped Hepliaklqana.
Hepliaklqana was noncommittal.
You visited 2 branches of the dungeon, and saw 8 of its levels.

You collected 296 gold pieces.

Inventory:

Hand Weapons
 a - a +2 dagger
 E - a +2 short sword of draining (weapon)
Missiles
 d - 21 poisoned darts (quivered)
 e - 4 curare-tipped darts
 g - 6 boomerangs
Armour
 b - a +0 robe (worn)
 c - a +1 cloak (worn)
 n - an orb of light (worn)
Jewellery
 m - a ring of protection from cold
 r - a ring of protection from fire
 s - a ring of resist corrosion (left hand)
 u - a ring of poison resistance (right hand)
 v - an amulet of magic regeneration
 C - an amulet of guardian spirit (around neck)
 D - a ring of protection from fire
Wands
 j - a wand of mindburst (10)
 z - a wand of flame (15)
 B - a wand of paralysis (20)
Scrolls
 f - 4 scrolls of teleportation
 h - 2 scrolls of blinking
 l - 3 scrolls of fog
 y - a scroll of magic mapping
 A - 4 scrolls of identify
 G - a scroll of poison {unknown}
 H - 2 scrolls of noise {unknown}
 J - a scroll of amnesia
Potions
 i - 6 potions of curing
 k - 3 potions of brilliance
 o - a potion of haste
 p - 2 potions of invisibility
 q - a potion of might {unknown}
 t - 3 potions of attraction {unknown}
 w - a potion of ambrosia {unknown}
 x - a potion of berserk rage {unknown}
 F - a potion of magic {unknown}
 I - a potion of heal wounds {unknown}
 K - a potion of degeneration {unknown}


   Skills:
 + Level 6.3 Fighting
 + Level 6.3 Short Blades
 + Level 4.2 Long Blades
 + Level 4.2 Axes
 + Level 4.2 Maces & Flails
 + Level 4.2 Polearms
 + Level 4.2 Staves
 + Level 4.2 Ranged Weapons
 + Level 6.3 Throwing
 + Level 4.2 Armour
 + Level 5.0 Dodging
 + Level 8.9 Stealth
 + Level 4.2 Shields
 + Level 4.2 Unarmed Combat
 + Level 4.2 Spellcasting
 + Level 3.4 Conjurations
 + Level 3.4 Hexes
 + Level 3.4 Summonings
 + Level 3.4 Necromancy
 + Level 3.4 Translocations
 + Level 3.4 Transmutations
 + Level 3.4 Fire Magic
 + Level 3.4 Ice Magic
 + Level 3.4 Air Magic
 + Level 3.4 Earth Magic
 + Level 3.4 Poison Magic
 + Level 4.6 Invocations
 + Level 4.2 Evocations


You had 16 spell levels left.
You didn't know any spells.
Your spell library contained the following spells:

 Spells                   Type           Power      Damage    Failure   Level
 Blink                    Tloc           24%        N/A       7%          2
 Conjure Flame            Conj/Fire      12%        6-21      14%         3
 Ignite Poison            Fire/Tmut/Pois 12%        N/A       14%         3
 Lesser Beckoning         Tloc           12%        N/A       14%         3
 Hailstorm                Conj/Ice       12%        3d5       41%         4
 Ice Form                 Ice/Tmut       12%        N/A       41%         4
 Olgreb's Toxic Radiance  Pois           12%        N/A       41%         4
 Sticky Flame             Conj/Fire      12%        2d4       41%         4
 Manifold Assault         Tloc           12%        N/A       77%         5
 Simulacrum               Ice/Necr       6%         N/A       100%        6
 Ozocubu's Refrigeration  Ice            6%         4d8       100%        7
 Ignition                 Fire           6%         3d4       100%        8


Dungeon Overview and Level Annotations

Branches:
Dungeon (7/15)             Temple (1/1) D:6

Altars:
Cheibriados
Elyvilon
Fedhas
Gozag
Hepliaklqana
Kikubaaqudgha
Nemelex Xobeh
Okawaru
Qazlal
Ru
Sif Muna
Trog
Uskayaw
Vehumet
Wu Jian
Xom
Yredelemnul
Zin
The Shining One

Shops:
D:6 [

Annotations:
D:6 exclusion: oklob plant
D:7 Prince Ribbit


Innate Abilities, Weirdness & Mutations

You have very sharp teeth.
Your uncanny sense of smell can sniff out nearby items.
Your experience applies equally to all skills.


Message History

You hit the gnoll. You drain the gnoll. Your bite misses the gnoll.
The gnoll is heavily wounded.
Prince Ribbit blinks!
The gnoll sergeant hits you from afar with a +0 spear of venom.
The gnoll closely misses you.
Unknown command.
You hit the gnoll but do no damage. You drain the gnoll.
You bite the gnoll, but do no damage.
The gnoll is almost dead.
Prince Ribbit blinks!
Unknown command.
You hit the gnoll but do no damage.
The gnoll is almost dead.
The gnoll sergeant completely misses you.
The gnoll hits you with a +0 vorpal spear.
Unknown command.
You barely miss the gnoll. You bite the gnoll.
The gnoll is almost dead.
The gnoll sergeant hits you from afar with a +0 spear of venom.
The gnoll hits you with a +0 vorpal spear.
* * * LOW HITPOINT WARNING * * *
x2 You barely miss the gnoll.
The gnoll is almost dead.
The gnoll sergeant hits you from afar with a +0 spear of venom.
* * * LOW HITPOINT WARNING * * *
The gnoll hits you with a +0 vorpal spear.
* * * LOW HITPOINT WARNING * * *
x2 Unknown command.
Unknown command.
You hit the gnoll.
You kill the gnoll!
Prince Ribbit blinks!
The gnoll sergeant hits you from afar with a +0 spear of venom.
* * * LOW HITPOINT WARNING * * *
Unknown command.
Things that are here:
a +0 vorpal spear; a gnoll corpse
There is a stone staircase leading up here.
The gnoll sergeant hits you from afar with a +0 spear of venom!
You die...

#.# #.# #....... #.# #.##....
#.###.#..... #......._...
#.###.....#. #.# #....##) #.#
#....... ### #.# ####.### #
#@# #.#### #.#
#.#######.#####.##.###.###
#.))......g.g....ยง........
#...########.#####.##.#######
... #...g...##.# .
#.#.....##.# #.#.##)###.#
#........#.# #......#.#.#


You could see a gnoll sergeant.

Vanquished Creatures
  Pikel (D:4)
  A black bear (D:5)
  An ogre (D:5)
  A lemure (D:3)
  2 phantoms
  A kobold brigand (D:5)
  Blork the orc (D:6)
  2 necrophages
  A bullfrog (D:6)
  3 scorpions
  A howler monkey (D:5)
  2 hounds (D:4)
  10 jellies
  Natasha (thrice) (D:2)
  An iguana (D:6)
  An orc wizard (D:5)
  3 gnolls (D:7)
  9 adders
  A white imp (D:5)
  An ufetubus (D:4)
  A worm (D:2)
  6 dart slugs
  16 orcs
  2 bats
  11 endoplasms
  3 giant cockroaches
  5 goblins
  9 hobgoblins
  3 kobolds
  A quokka (D:1)
  4 ball pythons
  2 frilled lizards
  2 rats (D:2)
111 creatures vanquished.

Vanquished Creatures (others)
  7 fungi (D:6)
7 creatures vanquished.

Grand Total: 118 creatures vanquished

Notes
Turn   | Place    | Note
-------+----------+-------------------------------------------
     0 | D:1      | MisterFreud the Gnoll Brigand began the quest for the Orb.
     0 | D:1      | Reached XP level 1. HP: 20/20 MP: 1/1
   130 | D:1      | Reached XP level 2. HP: 8/26 MP: 2/2
  1037 | D:1      | Reached XP level 3. HP: 26/31 MP: 3/3
  1428 | D:2      | Noticed Natasha
  1430 | D:2      | Killed Natasha
  1431 | D:2      | Reached skill level 1 in Long Blades
  1431 | D:2      | Reached skill level 1 in Axes
  1431 | D:2      | Reached skill level 1 in Maces & Flails
  1431 | D:2      | Reached skill level 1 in Polearms
  1431 | D:2      | Reached skill level 1 in Staves
  1431 | D:2      | Reached skill level 1 in Ranged Weapons
  1431 | D:2      | Reached skill level 1 in Armour
  1431 | D:2      | Reached skill level 1 in Shields
  1431 | D:2      | Reached skill level 1 in Unarmed Combat
  1431 | D:2      | Reached skill level 1 in Spellcasting
  1431 | D:2      | Reached skill level 1 in Invocations
  1431 | D:2      | Reached skill level 1 in Evocations
  1623 | D:2      | Found a faded altar of an unknown god.
  1643 | D:2      | Reached XP level 4. HP: 20/38 MP: 5/5
  2063 | D:2      | Noticed Natasha
  2082 | D:2      | Killed Natasha
  2083 | D:2      | Reached skill level 1 in Conjurations
  2083 | D:2      | Reached skill level 1 in Hexes
  2083 | D:2      | Reached skill level 1 in Summonings
  2083 | D:2      | Reached skill level 1 in Necromancy
  2083 | D:2      | Reached skill level 1 in Translocations
  2083 | D:2      | Reached skill level 1 in Transmutations
  2083 | D:2      | Reached skill level 1 in Fire Magic
  2083 | D:2      | Reached skill level 1 in Ice Magic
  2083 | D:2      | Reached skill level 1 in Air Magic
  2083 | D:2      | Reached skill level 1 in Earth Magic
  2083 | D:2      | Reached skill level 1 in Poison Magic
  2463 | D:2      | Noticed Natasha
  2470 | D:2      | Killed Natasha
  2471 | D:2      | Reached XP level 5. HP: 43/43 MP: 5/7
  3230 | D:4      | Noticed Pikel
  3230 | D:4      | Noticed a lemure
  3230 | D:4      | Noticed a lemure
  3230 | D:4      | Noticed a lemure
  3230 | D:4      | Noticed a lemure
  3293 | D:4      | Reached skill level 8 in Stealth
  3339 | D:4      | Reached XP level 6. HP: 15/50 MP: 8/8
  3902 | D:3      | Reached skill level 5 in Fighting
  3902 | D:3      | Reached skill level 5 in Short Blades
  3902 | D:3      | Reached skill level 5 in Throwing
  4948 | D:4      | Killed Pikel
  4949 | D:4      | Reached XP level 7. HP: 6/56 MP: 9/11
  5366 | D:4      | Reached XP level 8. HP: 35/63 MP: 12/12
  5816 | D:5      | Entered Level 5 of the Dungeon
  7352 | D:6      | Found Qugyd's Antique Armour Boutique.
  7354 | D:6      | Noticed Blork the orc
  7811 | D:6      | Reached XP level 9. HP: 69/69 MP: 14/14
  7833 | D:6      | Killed Blork the orc
  8017 | D:6      | Noticed an oklob plant
  8099 | D:6      | Reached skill level 5 in Dodging
  8289 | D:6      | Found a staircase to the Ecumenical Temple.
  8373 | Temple   | Entered the Ecumenical Temple
  8924 | D:7      | Found a hazy altar of Hepliaklqana.
  9072 | D:7      | Became a worshipper of Hepliaklqana the Forgotten
  9109 | D:7      | Noticed Prince Ribbit
  9142 | D:7      | Slain by a gnoll sergeant

Illustrated notes

Levels and vault maps discovered:
D:1:      evilmike_arrival_hilbert_curve, layout_loops_ring, minmay_nonomino_d4
D:2:      layout_loops_ring, chequers_ecumenical_altar_simple,
          kennysheep_pointless_box, grunt_decor_junction, dk_noncrumbling_3,
          hangedman_decor_lopped, patterned_corridor, uniq_natasha
D:3:      layout_basic, kennysheep_generic_room_13
D:4:      layout_basic, uniq_pikel
D:5:      layout_cave_pods
D:6:      lemuel_slime, layout_loops_ring, minmay_temple_entry_poolview,
          nicolae_stop_n_shop_1, uniq_blork_the_orc
D:7:      layout_basic, nicolae_overflow_crystal_walls, serial_shops,
          nicolae_shop_overgrown_old_shop, uniq_prince_ribbit1
Temple:   regret_index_temple_mists

Skill      XL: |  1  2  3  4  5  6  7  8  9 |
---------------+----------------------------+-----
Long Blades    | 1 2 3 4 |  4.2
Axes           | 1 2 3 4 |  4.2
Maces & Flails | 1 2 3 4 |  4.2
Polearms       | 1 2 3 4 |  4.2
Staves         | 1 2 3 4 |  4.2
Ranged Weapons | 1 2 3 4 |  4.2
Armour         | 1 2 3 4 |  4.2
Shields        | 1 2 3 4 |  4.2
Unarmed Combat | 1 2 3 4 |  4.2
Spellcasting   | 1 2 3 4 |  4.2
Invocations    | 1 2 3 4 |  4.6
Evocations     | 1 2 3 4 |  4.2
Conjurations   | 1 2 3 |  3.4
Hexes          | 1 2 3 |  3.4
Summonings     | 1 2 3 |  3.4
Necromancy     | 1 2 3 |  3.4
Translocations | 1 2 3 |  3.4
Transmutations | 1 2 3 |  3.4
Fire Magic     | 1 2 3 |  3.4
Ice Magic      | 1 2 3 |  3.4
Air Magic      | 1 2 3 |  3.4
Earth Magic    | 1 2 3 |  3.4
Poison Magic   | 1 2 3 |  3.4
Dodging        | 3 4 5 |  5.0
Stealth        | 8 |  8.9
Fighting       | 5 6 |  6.3
Short Blades   | 5 6 |  6.3
Throwing       | 5 6 |  6.3

Action                   |  1- 3 |  4- 6 |  7- 9 || total
-------------------------+-------+-------+-------++-------
Melee: Dagger            |    71 |   188 |   188 ||   447
       Bite              |     8 |    29 |    60 ||    97
       Punch             |     1 |     2 |       ||     3
       Short sword       |       |       |   122 ||   122
Throw: Dart              |       |     1 |     6 ||     7
Evoke: Wand              |       |     1 |       ||     1
  Use: Scroll            |       |    13 |     1 ||    14
 Stab: Sleeping          |    10 |     6 |     4 ||    20
Armor: Robe              |     7 |    30 |    27 ||    64
Dodge: Dodged            |    29 |    93 |   140 ||   262
